 Dungeon Crawl Stone Soup version 0.25-a0-482-g9b3b753f3f (webtiles) character file.

Game seed: 1599934905576296298, levelgen mode: deterministic

7183 Notrik the Fighter (level 11, -6/154 HPs)
             Began as a Hill Orc Fighter on Feb 10, 2020.
             Was an Elder of Okawaru.
             Hit by a large rock thrown by a cyclops (18 damage)
             ... on level 10 of the Dungeon.
             The game lasted 00:22:53 (8430 turns).

Notrik the Fighter (Hill Orc Fighter)               Turns: 8430, Time: 00:22:53

Health: -6/154     AC: 25    Str: 23    XL:     11   Next: 11%
Magic:  11/11      EV:  2    Int:  8    God:    Okawaru [****..]
Gold:   434        SH: 11    Dex: 10    Spells: 10/10 levels left

rFire    . . .     SeeInvis .   a - +3 war axe
rCold    . . .     Gourm    .   c - +0 shield
rNeg     + + +     Faith    .   (armour currently unavailable)
rPois    +         Spirit   .   (helmet currently unavailable)
rElec    .         Reflect  .   (cloak currently unavailable)
rCorr    .         Harm     .   (gloves currently unavailable)
MR       .....     NoTele   +   (boots currently unavailable)
Stlth    +.........             k - amulet of regeneration
HPRegen  0.75/turn              h - ring of poison resistance
MPRegen  0.12/turn              s - ring of poison resistance

@: tree-form
A: no striking features
a: Heroism, Renounce Religion


You were on level 10 of the Dungeon.
You worshipped Okawaru.
Okawaru was greatly pleased with you.
You were not hungry.
You were a tree.
You visited 2 branches of the dungeon, and saw 11 of its levels.
You also visited: Ossuary.

You collected 497 gold pieces.
You spent 63 gold pieces at shops.

Inventory:

Hand Weapons
 a - a +3 war axe (weapon)
Armour
 c - a +0 shield (worn)
 n - the +0 plate armour of Lucidity (melded) {Regen+ Int+4}
   (You found it on level 6 of the Dungeon)

   It affects your intelligence (+4).
   It increases your rate of regeneration.
   If you remove this armour, your AC will remain unchanged.
 t - a +0 pair of gloves (melded)
   (You bought it in a shop on level 9 of the Dungeon)
 B - a +0 helmet (melded)
   (You found it on level 9 of the Dungeon)
 C - a +1 chain mail of poison resistance
   (You took it off an orc on level 4 of the Dungeon)
Jewellery
 h - a ring of poison resistance (left branch)
   (You found it on level 3 of the Dungeon)
 k - an amulet of regeneration (around neck)
   (You found it on level 1 of the Dungeon)
 s - a ring of poison resistance (right branch)
   (You found it on level 3 of the Dungeon)
 A - an uncursed amulet of the acrobat {unknown}
   (You found it on level 7 of the Dungeon)
 F - an uncursed ring of ice
   (You found it on level 8 of the Dungeon)
Wands
 u - a wand of paralysis (14)
   (You found it on level 6 of the Dungeon)
 x - a wand of acid (21)
   (You found it on level 4 of the Dungeon)
 H - a wand of polymorph (4)
   (You found it on level 9 of the Dungeon)
Scrolls
 f - 3 scrolls of remove curse {@r2}
 g - a scroll of blinking
 i - a scroll of fog
 j - 2 scrolls of fear
 p - a scroll of magic mapping
 v - a scroll of silence
 D - a scroll of random uselessness
 E - a scroll of vulnerability {!r}
 G - a scroll of teleportation {@r4}
 I - a scroll of identify {@r1}
Potions
 b - 2 potions of lignification {!q}
 l - 9 potions of curing {@q1}
 m - 4 potions of brilliance
 o - 2 potions of resistance
 q - a potion of mutation {unknown}
 r - a potion of berserk rage {unknown}
 w - 2 potions of flight
 y - a potion of haste {unknown}
 z - 2 potions of agility
Comestibles
 d - 6 chunks of flesh
 e - 12 rations {!d}


   Skills:
 + Level 11.6 Fighting
 + Level 10.7 Axes
 + Level 9.4 Armour
 + Level 9.4 Shields


You had 10 spell levels left.
You didn't know any spells.
Your spell library contained the following spells:

 Spells                   Type           Power        Failure   Level  Hunger
 Shock                    Conj/Air       #...         65%         1    ##.....
 Swiftness                Chrm/Air       #.......     80%         2    ###....
 Static Discharge         Conj/Air       #.......     95%         3    ####...
 Airstrike                Air            #.........   100%        4    #####..
 Summon Lightning Spire   Summ/Air       #.......     100%        4    #####..
 Lightning Bolt           Conj/Air       #.........   100%        5    ######.
 Silence                  Hex/Air        #.........   100%        5    ######.
 Conjure Ball Lightning   Conj/Air       #.........   100%        6    #######
 Deflect Missiles         Chrm/Air       #.........   100%        6    #######
 Tornado                  Air            #.........   100%        9    #######


Dungeon Overview and Level Annotations

Branches:
Dungeon (10/15)            Temple (1/1) D:7         Ossuary (visited)
   Lair: D:8-11         Orc: D:9-12

Altars:
Ashenzari
Cheibriados
Dithmenos
Elyvilon
Fedhas
Gozag
Hepliaklqana
Kikubaaqudgha
Makhleb
Nemelex Xobeh
Okawaru
Qazlal
Ru
Sif Muna
Trog
Uskayaw
Vehumet
Wu Jian
Xom
Yredelemnul
Zin
The Shining One

Shops:
D:4 }   D:5 [   D:9 [


Message History

You cannot move.
You cannot move.
You cannot move.
The water moccasin hisses angrily.
You hear a shout!
The phantom hits you.
* * * LOW HITPOINT WARNING * * *
The phantom blinks!
You cannot move.
Unknown command.
A jackal comes into view.
The jackal moves out of view.
You closely miss the water moccasin.
The water moccasin bites you but does no damage.
You slash the water moccasin!
You hear a bark!
You block the water moccasin's attack.
The water moccasin bites you but does no damage.
You miss the water moccasin. You hit the phantom.
The water moccasin bites you but does no damage.
The phantom blinks!
You closely miss the water moccasin. You block the water moccasin's attack.
The water moccasin bites you but does no damage.
Your shield prevents you from hitting the water moccasin.
You block the water moccasin's attack.
A cyclops comes into view.
Some of the chunks of flesh in your inventory have rotted away.
You slash the water moccasin! The water moccasin bites you.
* * * LOW HITPOINT WARNING * * *
The water moccasin bites you but does no damage.
You hit the water moccasin.
You kill the water moccasin!
Okawaru accepts your kill. You block the jackal's attack.
You miss the jackal. You slash the phantom! You block the jackal's attack.
The phantom blinks!
You hit the jackal but do no damage. You slash the phantom!
You destroy the phantom!
Okawaru accepts your kill. You block the jackal's attack. The jackal bites you.
* * * LOW HITPOINT WARNING * * *
You miss the jackal. You block the jackal's attack.
You hit the jackal.
You kill the jackal!
You cannot move.
You cannot move.
An orc warrior comes into view. It is wielding a +0 hand axe.
The cyclops throws a large rock.
The large rock hits you.
* * * LOW HITPOINT WARNING * * *
The cyclops throws a large rock.
The large rock hits you!!
You die...

#. .. #. #. ###C . ...
.. ######(#########.#
.o....)♣..........
.......).......... ..
.............#####......
...########..#...#......
.. #..#÷..#...... .
#..'÷..+......
#..#)).#......
#..#...#......
#####..#####......


You could see a cyclops and an orc warrior.

Vanquished Creatures
  A centaur warrior (D:10)
  A gargoyle (D:10)
  A troll (D:9)
  A hippogriff (D:8)
  Sigmund (D:5)
  A wyvern (D:10)
  A yak (D:8)
  A human (D:8)
  3 hogs (D:8)
  2 hungry ghosts
  Duvessa (D:5)
  A water moccasin (D:10)
  A black bear (D:9)
  3 sky beasts
  3 ice beasts
  2 orc warriors
  3 phantoms
  3 ogres
  5 centaurs
  A big kobold (D:10)
  5 bullfrogs
  Dowan (D:5)
  A water moccasin skeleton (D:9)
  12 scorpions
  4 wights (D:9)
  4 howler monkeys (D:9)
  4 crimson imps
  A centaur zombie (D:6)
  A quasit (D:9)
  2 jellies
  A bullfrog skeleton (D:9)
  5 hounds
  A centaur skeleton (D:7)
  A human zombie (Ossuary)
  An orc priest (D:10)
  6 orc wizards
  An iguana (D:8)
  7 worker ants
  A killer bee zombie (D:5)
  A big kobold zombie (Ossuary)
  A hound skeleton (D:4)
  A hound zombie (D:5)
  3 mummies (Ossuary)
  4 gnolls (D:7)
  4 scorpion zombies (Ossuary)
  9 adders
  A shadow imp (D:8)
  An ooze (D:1)
  3 adder skeletons
  2 worms
  3 dart slugs
  4 leopard geckos
  27 orcs
  4 bats
  2 giant cockroaches (D:1)
  5 goblins
  3 hobgoblins
  7 jackals
  8 kobolds
  3 quokkas
  2 ball pythons
  A ball python skeleton (D:5)
  A ball python zombie (D:5)
  2 frilled lizards
  A gnoll zombie (Ossuary)
  2 goblin zombies (Ossuary)
  3 hobgoblin zombies (Ossuary)
  3 kobold zombies (Ossuary)
  A leopard gecko zombie (D:5)
  2 orc zombies (Ossuary)
  4 rats
213 creatures vanquished.

Notes
Turn   | Place    | Note
-------+----------+-------------------------------------------
     0 | D:1      | Notrik the Hill Orc Fighter began the quest for the Orb.
     0 | D:1      | Reached XP level 1. HP: 19/19 MP: 1/1
    68 | D:1      | Reached XP level 2. HP: 26/27 MP: 2/2
   130 | D:1      | Reached skill level 4 in Fighting
   363 | D:1      | Reached XP level 3. HP: 33/33 MP: 3/3
  1076 | D:3      | Found a faded altar of an unknown god.
  1085 | D:3      | Found a blossoming altar of Fedhas.
  1352 | D:3      | Reached XP level 4. HP: 41/41 MP: 4/4
  1734 | D:4      | Reached skill level 5 in Fighting
  1734 | D:4      | Reached XP level 5. HP: 22/48 MP: 5/5
  1797 | D:4      | Found a sand-covered staircase.
  1803 | Ossuary  | Entered an ossuary
  1834 | Ossuary  | Reached XP level 6. HP: 54/56 MP: 6/6
  1876 | Ossuary  | Reached skill level 6 in Fighting
  2046 | Ossuary  | Reached XP level 7. HP: 47/64 MP: 7/7
  2092 | Ossuary  | Reached skill level 5 in Axes
  2092 | Ossuary  | Reached skill level 5 in Shields
  2239 | Ossuary  | Reached skill level 7 in Fighting
  2239 | Ossuary  | Reached skill level 5 in Armour
  2536 | D:4      | Reached XP level 8. HP: 39/73 MP: 8/8
  2625 | D:4      | Found a shadowy altar of Dithmenos.
  2816 | D:4      | Found Yvuph's Gadget Shoppe.
  2888 | D:4      | Found a sacrificial altar of Ru.
  2987 | D:4      | Reached skill level 8 in Fighting
  3358 | D:5      | Entered Level 5 of the Dungeon
  3439 | D:5      | Found a sparkling altar of Nemelex Xobeh.
  3462 | D:5      | Noticed Dowan
  3463 | D:5      | Noticed Duvessa
  3470 | D:5      | Killed Dowan
  3472 | D:5      | Killed Duvessa
  3575 | D:5      | Found a hazy altar of Hepliaklqana.
  3856 | D:5      | Reached skill level 9 in Fighting
  3910 | D:5      | Reached XP level 9. HP: 83/83 MP: 9/9
  4097 | D:5      | Found Lizay's Antique Armour Emporium.
  4249 | D:5      | Noticed Sigmund
  4263 | D:5      | Killed Sigmund
  4654 | D:6      | Got a crude mace
  4768 | D:6      | Got a slimy plate armour
  5245 | D:7      | Identified the cursed +0 plate armour of Lucidity {Regen+
                  | Int+4} (You found it on level 6 of the Dungeon)
  5416 | D:7      | Found a glowing silver altar of Zin.
  5791 | D:7      | Found a snail-covered altar of Cheibriados.
  5836 | D:7      | Found a staircase to the Ecumenical Temple.
  5856 | Temple   | Entered the Ecumenical Temple
  6051 | Temple   | Became a worshipper of Warmaster Okawaru
  6648 | D:8      | Reached skill level 10 in Fighting
  6882 | D:8      | Reached * piety under Okawaru
  7219 | D:8      | Reached XP level 10. HP: 91/94 MP: 10/10
  7444 | D:8      | Reached ** piety under Okawaru
  7782 | D:9      | Found Giroskaff's Armour Emporium.
  7799 | D:9      | Bought a +0 pair of gloves for 63 gold pieces
  7831 | D:9      | Reached skill level 11 in Fighting
  8083 | D:9      | Reached *** piety under Okawaru
  8083 | D:9      | Reached skill level 10 in Axes
  8284 | D:10     | Entered Level 10 of the Dungeon
  8358 | D:10     | Noticed a gargoyle
  8358 | D:10     | Noticed a centaur warrior
  8375 | D:10     | Killed a gargoyle
  8388 | D:10     | Killed a centaur warrior
  8388 | D:10     | Reached **** piety under Okawaru
  8388 | D:10     | Reached XP level 11. HP: 25/102 MP: 11/11
  8391 | D:10     | HP: 5/102 [wyvern (11)]
  8397 | D:10     | HP: 2/154 [phantom (6)]
  8404 | D:10     | HP: 6/154 [phantom (2)]
  8420 | D:10     | Noticed a cyclops
  8430 | D:10     | Hit by a large rock thrown by a cyclops

Levels and vault maps discovered:
D:1:      tarquinn_simple_flora_water_b, layout_loops_ring, minmay_box_of_dots
D:2:      layout_rooms
D:3:      layout_basic, chequers_ecumenical_altar_simple_redux, fedhas_altar_3
D:4:      layout_loops_ring, marbit_many_paths,
          nicolae_dithmenos_through_a_glass_darkly, first_ration,
          nicolae_ossuary_entry_plus, serial_shops, shop
D:5:      layout_gridville, nemelex_xobeh_ov_fountains_minmay, kennysheep_mini,
          serial_shops, shop, uniq_sigmund, uniq_duvessa
D:6:      layout_basic, due_unseen_surprise
D:7:      layout_basic, grunt_temple_overflow_open, minmay_temple_entry_grid
D:8:      layout_rooms, grunt_livestock, ldierk_geyser
D:9:      layout_irregular_city, serial_shops, nicolae_shop_statue_plus
D:10:     minmay_the_grid_3x3 [minmay_the_grid_minigrid_medium,
          minmay_the_grid_plusring, minmay_the_grid_tree,
          minmay_the_grid_medium_cups, minmay_the_grid_diamond_grid,
          minmay_the_grid_tiny_cups, minmay_the_grid_gridbox,
          minmay_the_grid_outer_diamond, minmay_the_grid_prize_four_corners],
          layout_irregular_city, uniq_maggie
Temple:   eino_temple_rhombus

Skill      XL: |  1  2  3  4  5  6  7  8  9 10 |
---------------+-------------------------------+-----
Fighting       | 4 5 6 7 9 10 11 | 11.6
Axes           | 3 4 5 6 8 10 | 10.7
Shields        | 4 5 6 7 9 |  9.4
Armour         | 4 5 6 7 9 |  9.4

Action                   |  1- 3 |  4- 6 |  7- 9 | 10-12 || total
-------------------------+-------+-------+-------+-------++-------
Melee: War axe           |   105 |    96 |   380 |   224 ||   805
Invok: Heroism           |       |       |       |     1 ||     1
  Use: Scroll            |     4 |     2 |     8 |     7 ||    21
       Potion            |       |       |     2 |     1 ||     3
  Eat: Ration            |     1 |       |     7 |     1 ||     9
       Chunk             |       |       |     2 |     4 ||     6
Armor: Scale mail        |    54 |    47 |    40 |       ||   141
       Chain mail        |       |       |    60 |       ||    60
       Plate armour      |       |       |   168 |   153 ||   321
       Skin              |       |       |       |     8 ||     8
Dodge: Dodged            |    32 |    32 |    85 |    60 ||   209
Block: Shield            |    81 |    51 |   215 |   124 ||   471

Table legend:
 A = Non-vault XP
 B = Vault XP
 C = Vault XP percentage of total XP
 D = Non-vault monster count
 E = Vault monster count
 F = Vault count percentage of total count
                 A         B        C        D         E       F
            +---------+---------+-------+---------+---------+-------
      Total |    5757 |    4505 |  43.9 |     162 |      51 |  23.9
            +---------+---------+-------+---------+---------+-------
        D:1 |      38 |       3 |   7.3 |      17 |       2 |  10.5
        D:2 |      20 |       0 |   0.0 |      11 |       0 |   0.0
        D:3 |      39 |       0 |   0.0 |      12 |       0 |   0.0
        D:4 |     688 |      67 |   8.9 |      25 |       1 |   3.8
        D:5 |     631 |     454 |  41.8 |      26 |       3 |  10.3
        D:6 |     215 |       0 |   0.0 |       7 |       0 |   0.0
        D:7 |     819 |       0 |   0.0 |      15 |       0 |   0.0
        D:8 |    1121 |     979 |  46.6 |      15 |       5 |  25.0
        D:9 |    1997 |       0 |   0.0 |      26 |       0 |   0.0
       D:10 |     189 |    2182 |  92.0 |       8 |      11 |  57.9
    Ossuary |       0 |     820 | 100.0 |       0 |      29 | 100.0
            +---------+---------+-------+---------+---------+-------
